 Dungeon Sprint DCSS version 0.30.1-11-g7821555f0a (webtiles) character file.

Game seed: 17553448209766862971

860 Heoruswealwe the Spear-Bearer (level 7, -5/73 HPs)
             Began as a Minotaur Fighter on Nov 5, 2023.
             Was an Initiate of Gozag.
             Slain by a gnoll sergeant
             ... wielding a +0 spear
              (9 damage)
             ... in the Dungeon (Sprint IX: "|||||||||||||||||||||||||||||").
             The game lasted 00:00:55 (128 turns).

Heoruswealwe the Spear-Bearer (Minotaur Fighter)     Turns: 128, Time: 00:00:56

Health: -5/73      AC:  8    Str: 22    XL:     7   Next: 71%
Magic:  6/6        EV:  9    Int:  5    God:    Gozag
Gold:   0          SH:  4    Dex: 10    Spells: 6/6 levels left

rFire   . . .        a - +0 trident
rCold   . . .        d - +0 buckler
rNeg    . . .        c - +0 scale mail
rPois   .            (helmet restricted)
rElec   .            (no cloak)
rCorr   .            (no gloves)
SInv    .            (no boots)
Will    .....        (no amulet) Stlth
                     (no ring)
HPRegen 0.32/turn    (no ring)
MPRegen 0.10/turn

%: no teleportation
@: gold aura
A: horns 2, retaliatory headbutt
a: Renounce Religion, Potion Petition, Call Merchant, Bribe Branch


You were in the Dungeon.
You worshipped Gozag.
Gozag was noncommittal.
You visited 1 branch

Inventory:

Hand Weapons
 a - a +0 trident (weapon)
Armour
 c - a +0 scale mail (worn)
 d - a +0 buckler (worn)
Jewellery
 k - a +3 ring of strength
 l - a +3 ring of dexterity
Wands
 h - a wand of roots (10)
Scrolls
 j - 2 scrolls of blinking
Potions
 b - a potion of might
 e - 5 potions of curing
 f - 3 potions of heal wounds
 g - a potion of haste
 i - a potion of berserk rage


   Skills:
 + Level 10.8 Fighting
 * Level 14.3 Polearms
 + Level 10.8 Armour
 - Level 3.6 Shields


You had 6 spell levels left.
You didn't know any spells.
Your spell library was empty.

Dungeon Overview and Level Annotations

Branches:
Dungeon (1/1)

Altars:
Cheibriados
Dithmenos
Elyvilon
Fedhas
Gozag
Hepliaklqana
Kikubaaqudgha
Makhleb
Nemelex Xobeh
Okawaru
Qazlal
Ru
Sif Muna
Trog
Uskayaw
Vehumet
Wu Jian
Xom
Yredelemnul
Zin
The Shining One
Jiyva
Lugonu


Innate Abilities, Weirdness & Mutations

You have a pair of horns on your head.
You reflexively headbutt those who attack you in melee.


Message History

Your Armour skill gained 3 levels and is now at level 10!
You have reached level 6!
You have reached level 7!
You hear a shout!
You hit the orc warrior.
The orc warrior is moderately wounded.
The orc warrior closely misses you.
You closely miss the orc warrior.
The orc warrior is moderately wounded.
You hit the orc warrior. Your headbutt misses the orc warrior.
The orc warrior is moderately wounded.
The centaur is distracted by your dazzling golden aura.
The orc warrior is distracted by your dazzling golden aura.
You completely miss the orc warrior.
The orc warrior is no longer distracted by gold.
You headbutt the orc warrior!
The orc warrior is heavily wounded.
You block the orc warrior's attack.
You puncture the orc warrior!
The orc warrior is almost dead.
You barely miss the orc warrior.
The orc warrior is almost dead.
The orc warrior hits you with a +0 mace!
* * * LOW HITPOINT WARNING * * *
Unknown command.
You hit the orc warrior. You headbutt the orc warrior.
You kill the orc warrior!
Your Polearms skill increases to level 14!
You miss something. You hit something. Your headbutt misses something.
The centaur is no longer distracted by gold.
The gnoll sergeant barely misses you. Something hits you but does no damage.
You puncture something!
Reactivating autopickup.
You feel a bit more experienced.
The gnoll sergeant hits you from afar with a +0 spear.
* * * LOW HITPOINT WARNING * * *
The gnoll sergeant hits you with a +0 spear!
You die...
Your body crumbles into a pile of gold. $$$$$ $$$$$ $ $ $ $$$$$ $ ▓▓▓▓▓▓▓▓▓▓▓▓▓▓▓▓▓▓▓▓▓▓▓▓ ______'!?).[[[..@gcl...+ ▓▓▓▓▓▓▓▓▓▓▓▓▓▓▓▓▓▓▓▓▓▓▓▓

You could see a komodo dragon, a gnoll sergeant and a centaur.

Vanquished Creatures
  A two-headed ogre (D)
  An orc warrior (D)
  A phantom (D)
  2 hounds (D)
  An orc wizard (D)
  An adder (D)
  A ball python (D)
  3 hobgoblins (D)
  A jackal (D)
  A rat (D)
13 creatures vanquished.

Notes
Turn   | Place    | Note
-------+----------+-------------------------------------------
     0 | D        | Heoruswealwe the Minotaur Fighter began the quest for the
                  | Orb.
     0 | D        | Reached XP level 1. HP: 19/19 MP: 0/0
     2 | D        | Banished a spatial maelstrom
     9 | D        | Reached skill level 3 in Polearms
    32 | D        | Noticed a phantom
    32 | D        | Noticed a hound
    32 | D        | Noticed a hound
    41 | D        | Killed a phantom
    42 | D        | Reached skill level 7 in Polearms
    42 | D        | Reached XP level 2. HP: 30/30 MP: 1/1
    42 | D        | Reached XP level 3. HP: 37/37 MP: 2/2
    42 | D        | Reached XP level 4. HP: 44/44 MP: 3/3
    45 | D        | Reached skill level 8 in Polearms
    52 | D        | Reached XP level 5. HP: 51/52 MP: 4/4
    58 | D        | Reached skill level 9 in Polearms
    65 | D        | Found a snail-covered altar of Cheibriados.
    65 | D        | Found a shadowy altar of Dithmenos.
    65 | D        | Found a white marble altar of Elyvilon.
    65 | D        | Found a blossoming altar of Fedhas.
    65 | D        | Found an opulent altar of Gozag.
    66 | D        | Found a hazy altar of Hepliaklqana.
    67 | D        | Found a viscous altar of Jiyva.
    68 | D        | Found an ancient bone altar of Kikubaaqudgha.
    69 | D        | Found a corrupted altar of Lugonu.
    70 | D        | Found a burning altar of Makhleb.
    71 | D        | Found a sparkling altar of Nemelex Xobeh.
    72 | D        | Found an iron altar of Okawaru.
    73 | D        | Became a worshipper of Gozag Ym Sagoz the Greedy
    74 | D        | Found a stormy altar of Qazlal.
    75 | D        | Found a sacrificial altar of Ru.
    76 | D        | Found a shimmering blue altar of Sif Muna.
    77 | D        | Found a bloodstained altar of Trog.
    78 | D        | Found a hide-covered altar of Uskayaw.
    79 | D        | Found a radiant altar of Vehumet.
    80 | D        | Found an ornate altar of the Wu Jian Council.
    81 | D        | Found a shimmering altar of Xom.
    82 | D        | Found a basalt altar of Yredelemnul.
    83 | D        | Found a glowing silver altar of Zin.
    84 | D        | Found a glowing golden altar of the Shining One.
   108 | D        | Noticed a two-headed ogre
   108 | D        | Noticed an orc warrior
   108 | D        | Noticed a centaur
   108 | D        | Noticed a komodo dragon
   117 | D        | Killed a two-headed ogre
   118 | D        | Reached skill level 10 in Fighting
   118 | D        | Reached skill level 13 in Polearms
   118 | D        | Reached skill level 10 in Armour
   118 | D        | Reached XP level 6. HP: 9/67 MP: 5/5
   118 | D        | Reached XP level 7. HP: 10/73 MP: 6/6
   123 | D        | HP: 3/73 [orc warrior/+0 mace (8)]
   125 | D        | Reached skill level 14 in Polearms
   128 | D        | Slain by a gnoll sergeant

Illustrated notes

Levels and vault maps discovered:
D:        linesprint [early_d, line_temple, items_1, d_10, items_2, lair_1,
          lair_end, items_3, orc_1, orc_end, items_4, d_15, swamp_1, shoals_1,
          snake_1, spider_1, d_20, vaults_1, items_5, swamp_end, shoals_end,
          snake_end, spider_end, vaults_end, d_27, items_6, zot_1, zot_end,
          crypt_end, forest_end, elf_end, slime_end, tomb_end, abyss_end,
          pan_hell_end]

Skill      XL: |  1  2  3  4  5  6  7 |
---------------+----------------------+-----
Polearms       | 7 8 13 14 | 14.3
Fighting       | 6 7 10 | 10.8
Armour         | 6 7 10 | 10.8
Shields        | |  3.6

Action                     |  1- 3 |  4- 6 |  7- 9 || total
---------------------------+-------+-------+-------++-------
  Melee: Trident           |    30 |    26 |    10 ||    66
         Headbutt          |     7 |     2 |     2 ||    11
 Armour: Scale mail        |    12 |     7 |     1 ||    20
  Dodge: Dodged            |    13 |    10 |     2 ||    25
  Block: Buckler           |     4 |     5 |     1 ||    10
